 Dungeon Crawl Stone Soup version 0.31.0-7-gf635a9b802 (webtiles) character file.

Game seed: 3936196142181996129

36331 monsoonserge the Cleaver (level 13, -4/99 (103) HPs)
             Began as a Gnoll Reaver on Jan 23, 2024.
             Was a High Priest of Ru.
             Slain by a shadow (22 damage)
             ... on level 13 of the Dungeon.
             The game lasted 01:32:13 (18124 turns).

monsoonserge the Cleaver (Gnoll Reaver)            Turns: 18124, Time: 01:32:13

HP:   -4/99 (103)   AC: 13    Str: 28    XL:     13   Next: 89%
MP:   27/27         EV: 16    Int: 14    God:    Ru [*****.]
Gold: 846           SH:  0    Dex: 13    Spells: 20/32 levels left

rFire   . . .        r - +8 frozen axe "Frostbite" {freeze, freezing cloud, *Noise Fly rC+}
rCold   + . .        (shield currently unavailable)
rNeg    . . .        e - +2 steam dragon scales
rPois   .            (no helmet)
rElec   .            (no cloak)
rCorr   +            T - +0 pair of gloves {Str+3}
SInv    .            U - +2 pair of boots "Atisock" {rCorr}
Will    .....        O - amulet of magic regeneration Stlth
                     N - +6 ring of strength
HPRegen 0.36/turn    A - +6 ring of strength
MPRegen 0.60/turn

%: no passive effects
@: exhausted, fugue, flying, slowed, lightly drained, very slow
A: fangs 1, inability to read after injury 2, no stealth, inability to use
devices, hated by all, strong nose, distributed training, no forms
a: Renounce Religion, Draw Out Power, Power Leap, Apocalypse


You were on level 13 of the Dungeon.
You worshipped Ru.
Ru was extremely pleased with you.
You visited 4 branches of the dungeon, and saw 18 of its levels.
You also visited: Ossuary.

You collected 1877 gold pieces.
You spent 1031 gold pieces at shops.

Inventory:

Hand Weapons
 r - the +8 frozen axe "Frostbite" (weapon) {freeze, freezing cloud, *Noise Fly rC+}
   (You found it on level 6 of the Dungeon)

   rC+:       It protects you from cold.
   Fly:       It grants you flight.
   *Noise:    It may make a loud noise when swung.
 K - a +3 scimitar of flaming
Missiles
 f - 23 poisoned darts
 i - 2 atropa-tipped darts
 p - 12 boomerangs (quivered)
 M - 5 curare-tipped darts
 S - 4 javelins
Armour
 e - +2 steam dragon scales (worn)
 q - a +2 leather armour of positive energy
 y - a +2 leather armour of fire resistance
 G - +0 acid dragon scales
 T - a +0 pair of gloves of strength (worn)
 U - the +2 pair of boots "Atisock" (worn) {rCorr}
   (You bought it in a shop on level 1 of the Orcish Mines)

   rCorr:     It protects you from acid and corrosion.
 V - the +1 pair of gloves of the Skies Above {rN++ Str-3 Int+2 Stlth+}
   (You bought it in a shop on level 2 of the Orcish Mines)

   Str-3:     It affects your strength (-3).
   Int+2:     It affects your intelligence (+2).
   rN++:      It greatly protects you from negative energy.
   Stlth+:    It makes you more stealthy.
Jewellery
 a - a ring of wizardry
 b - a ring of poison resistance
 c - a ring of protection from cold
 A - a +6 ring of strength (right hand)
 C - a +5 ring of evasion
 I - a ring of fire
 J - a ring of flight
 L - a ring of willpower
 N - a +6 ring of strength (left hand)
 O - an amulet of magic regeneration (around neck)
Scrolls
 d - 6 scrolls of teleportation {unknown}
 h - a scroll of enchant armour
 k - 3 scrolls of fear
 t - a scroll of brand weapon {unknown}
 u - a scroll of torment
 x - 2 scrolls of immolation
 z - a scroll of fog {unknown}
 B - a scroll of blinking
 D - a scroll of silence
 H - a scroll of vulnerability
 R - a scroll of revelation {unknown}
Potions
 g - 2 potions of ambrosia
 j - 2 potions of magic {unknown}
 l - 3 potions of haste
 m - 6 potions of curing
 n - 2 potions of attraction
 o - 5 potions of brilliance
 s - 3 potions of enlightenment
 v - a potion of might {unknown}
 w - 5 potions of heal wounds
 E - 3 potions of invisibility {unknown}
 F - a potion of cancellation {unknown}
 P - 2 potions of mutation
 Q - a potion of lignification {unknown}


   Skills:
 + Level 10.1 Fighting
 + Level 9.0 Short Blades
 + Level 9.0 Long Blades
 + Level 11.1 Axes
 + Level 9.0 Maces & Flails
 + Level 9.0 Polearms
 + Level 9.0 Staves
 + Level 9.0 Ranged Weapons
 + Level 9.0 Throwing
 + Level 9.0 Armour
 + Level 10.1 Dodging
   Level 0.0 Stealth
 + Level 9.0 Shields
 + Level 9.0 Unarmed Combat
 + Level 10.3 Spellcasting
 + Level 9.4 Conjurations
 + Level 7.5 Hexes
   Level 0.0 Summonings
 + Level 7.5 Necromancy
 + Level 7.5 Translocations
 + Level 7.5 Fire Magic
 + Level 7.5 Ice Magic
 + Level 7.5 Air Magic
 + Level 7.5 Earth Magic
 + Level 7.5 Alchemy
 + Level 9.8 Invocations
   Level 0.0 Evocations
   Level 0.0 Shapeshifting


You had 20 spell levels left.
You knew the following spells:

 Your Spells              Type           Power      Damage    Failure   Level
a - Kiss of Death         Conj/Necr      100%       2d13      1%          1
b - Blink                 Tloc           56%        N/A       1%          2
c - Fugue of the Fallen   Necr           28%        N/A       1%          3
d - Mephitic Cloud        Conj/Alch/Air  30%        N/A       1%          3
e - Swiftness             Air            28%        N/A       1%          3

Your spell library contained the following spells:

 Spells                   Type           Power      Damage    Failure   Level
 Apportation              Tloc           56%        N/A       1%          1
 Magic Dart               Conj           100%       1d8       1%          1
 Necrotise                Necr           100%       1d9       1%          1
 Shock                    Conj/Air       100%       1d9       1%          1
 Sting                    Conj/Alch      100%       1d9       1%          1
 Ensorcelled Hibernation  Hex/Ice        56%        N/A       1%          2
 Mercury Vapours          Alch/Air       56%        N/A       1%          2
 Momentum Strike          Conj/Tloc      60%        3d9       1%          2
 Scorch                   Fire           56%        2d7       1%          2
 Dazzling Flash           Conj/Hex       60%        N/A       1%          3
 Hailstorm                Conj/Ice       30%        3d8       1%          3
 Volatile Blastmotes      Fire/Tloc      56%        2d14      1%          3
 Flame Wave               Conj/Fire      30%        2d9       3%          4
 Airstrike                Air            14%        2d(2-18)  4%          4
 Anguish                  Hex/Necr       14%        N/A       4%          4
 Freezing Cloud           Conj/Ice/Air   15%        6-21      10%         5
 Borgnjor's Vile Clutch   Necr/Erth      14%        N/A       13%         5
 Starburst                Conj/Fire      15%        6d6       43%         6
 Maxwell's Capacitive Co  Air            14%        ∞         100%        8
 Chain Lightning          Conj/Air       15%        3d20      100%        9
 Fire Storm               Conj/Fire      15%        8d4       100%        9
 Shatter                  Erth           14%        3d14*     100%        9
 Animate Dead             Necr           Unusable   N/A       N/A         4
 Summon Small Mammal      Summ           Unusable   N/A       N/A         1
 Call Imp                 Summ           Unusable   N/A       N/A         2
 Death Channel            Necr           Unusable   N/A       N/A         6
 Summon Cactus Giant      Summ           Unusable   N/A       N/A         6

Dungeon Overview and Level Annotations

Branches:
Dungeon (13/15)            Temple (1/1) D:5            Lair (2/5) D:8
    Orc (2/2) D:12            Elf (0/3) Orc:2       Ossuary (visited)
  Swamp: Lair:2-3    Shoals: Lair:2-3     Snake: Lair:2-3    Spider: Lair:2-3
 Vaults: D:13-14

Altars:
Ashenzari
Cheibriados
Dithmenos
Elyvilon
Gozag
Kikubaaqudgha
Makhleb
Nemelex Xobeh
Okawaru
Qazlal
Ru
Sif Muna
Trog
Uskayaw
Vehumet
Wu Jian
Xom
Zin
The Shining One

Shops:
D:5 *   D:9 !   D:12 *   Orc:1 [   Orc:2 :[=:*

Portals:
Trove: D:10 (give 11 potions of heal wounds)

Annotations:
D:11 exclusion: oklob plant


Innate Abilities, Weirdness & Mutations

You have very sharp teeth.
You sometimes lose the ability to read scrolls when taking damage.
You cannot be stealthy.
You cannot study or use magical devices.
You are hated by all.
Your uncanny sense of smell can sniff out nearby items.
Your experience applies equally to all skills.
You cannot voluntarily change form.


Message History

You are restored by drawing out deep reserves of power within.
You feel drained.
The acid dragon begins to attack, but is stunned by your conviction!
The freezing wraith misses you.
The freezing wraith hits you but does no damage.
You slice the freezing wraith!!
You destroy the freezing wraith!
A salamander comes into view.
You slice the acid dragon!! You freeze the acid dragon!
You kill the acid dragon!
The salamander wields a +0 shortbow of flaming.
It bursts into flame!
The salamander shoots an arrow.
The arrow closely misses you.
A two-headed ogre comes into view. It is wielding two +0 giant clubs.
The freezing wraith closely misses you. The freezing wraith hits you!
The freezing wraith drains your vigour!
You feel yourself slow down.
You slice the freezing wraith!!
The freezing wraith is almost destroyed.
The salamander shoots an arrow.
The arrow hits you. The arrow burns you.
The freezing wraith hits you but does no damage.
The freezing wraith barely misses you. The freezing wraith hits you!
The freezing wraith freezes you! You resist.
* * * LOW HITPOINT WARNING * * *
You focus your inner power and illuminate the freezing wraith in retribution!
The freezing wraith misses you.
Okay, then.
As you read the scroll of fear, it crumbles to dust.
You assume a fearsome visage.
The salamander looks frightened!
The two-headed ogre looks frightened!
The freezing wraith is unaffected.
The freezing wraith hits you.
* * * LOW HITPOINT WARNING * * *
The freezing wraith freezes you. You resist.
* * * LOW HITPOINT WARNING * * *
You focus your inner power and illuminate the freezing wraith in retribution!
The freezing wraith hits you but does no damage.
You slice the freezing wraith like a ripe choko!!!
You destroy the freezing wraith!
The wailing of tortured souls fills the air!
The shadow strikes at you from the darkness!
You die...

...................####
#############.####.....
.............##### .
...#####..N....... ...
###..##+##. ... #.##
... #.# ... ###.# #..@#
#....##)......
#.#...### ....... ..
...O. .......
#.#####...### .......
............### .......
...>.......>.. #
.......
.#..........##.#
.......
#...............


You could see a salamander (fleeing) and a two-headed ogre (fleeing).

Vanquished Creatures
  An ettin (Orc:1)
  An entropy weaver (shapeshifter) (D:12)
  A hydra (D:10)
  2 boulder beetles
  A death knight (D:13)
  2 centaur warriors
  Erica (D:9)
  A death yak (Lair:1)
  3 two-headed ogres
  An orc high priest (Orc:2)
  Urug (Orc:1)
  A skeletal warrior (D:13)
  An arcanist (D:8)
  An orc knight (Orc:2)
  Pikel (D:7)
  An orc sorcerer (Orc:2)
  An ugly thing (D:8)
  7 cyclopes
  3 kobold blastminers
  Jeremiah (D:9)
  4 cane toads (Lair:1)
  Maggie (D:6)
  2 freezing wraiths (D:13)
  A rime drake (Lair:1)
  2 efreet
  2 tengu conjurers (D:13)
  10 komodo dragons
  5 trolls
  A hornet (D:9)
  A vampire (D:11)
  19 yaks
  A wraith (D:11)
  Eustachio (D:6)
  Grum (Lair:1)
  6 wyverns
  5 wargs
  2 steam dragons
  3 vampire mosquitoes
  9 water moccasins
  2 acid dragons
  3 sky beasts (D:7)
  An ice beast (D:6)
  28 orc warriors
  3 wolves (Lair:1)
  3 ogres
  11 centaurs
  A phantom (D:7)
  2 lemures (D:7)
  An elf zombie (Ossuary)
  5 bullfrogs
  2 gnoll sergeants
  4 scorpions
  13 wights
  A burial acolyte (Ossuary)
  5 killer bees (D:8)
  5 howler monkeys
  A centaur zombie (Ossuary)
  5 crimson imps (D:9)
  6 hounds
  5 bombardier beetles
  3 human zombies (Ossuary)
  5 orc priests
  7 jellies
  A sleepcap (D:6)
  14 orc wizards
  A bullfrog simulacrum (Ossuary)
  A crocodile zombie (Ossuary)
  3 mummies (Ossuary)
  2 hound zombies (Ossuary)
  9 adders
  7 gnolls (D:6)
  2 shadow imps
  5 white imps
  4 ufetubi
  An adder zombie (Ossuary)
  4 ribbon worms
  3 dart slugs
  65 orcs
  7 ball pythons
  A bat (D:3)
  22 endoplasms
  2 giant cockroaches (D:4)
  A gnoll zombie (Ossuary)
  4 goblins
  6 hobgoblins
  4 jackals (D:3)
  8 kobolds
  4 quokkas
  10 ball python zombies (Ossuary)
  2 frilled lizards (D:1)
  4 jackal zombies (Ossuary)
  3 kobold zombies (Ossuary)
  2 orc zombies (Ossuary)
  8 rats
440 creatures vanquished.

Vanquished Creatures (others)
  An arcanist (D:10)
  A kobold blastminer (Orc:1)
  A yak (D:10)
  A centaur (Orc:2)
  A killer bee (D:8)
  An orc (Orc:2)
  A ball python zombie (Ossuary)
7 creatures vanquished.

Grand Total: 447 creatures vanquished

Notes
Turn   | Place    | Note
-------+----------+-------------------------------------------
     0 | D:1      | monsoonserge the Gnoll Reaver began the quest for the Orb.
     0 | D:1      | Reached XP level 1. HP: 20/20 MP: 6/6
   223 | D:1      | Reached XP level 2. HP: 26/26 MP: 7/7
   749 | D:2      | Learned a level 2 spell: Blink
   841 | D:1      | Reached skill level 5 in Spellcasting
   841 | D:1      | Reached XP level 3. HP: 4/29 MP: 7/9
  1190 | D:2      | Reached skill level 1 in Invocations
  1256 | D:2      | You fall into a shaft and drop 1 floor!
  1582 | D:2      | Reached skill level 1 in Short Blades
  1582 | D:2      | Reached skill level 1 in Long Blades
  1582 | D:2      | Reached skill level 1 in Maces & Flails
  1582 | D:2      | Reached skill level 1 in Polearms
  1582 | D:2      | Reached skill level 1 in Staves
  1582 | D:2      | Reached skill level 1 in Ranged Weapons
  1582 | D:2      | Reached skill level 1 in Throwing
  1582 | D:2      | Reached skill level 1 in Armour
  1582 | D:2      | Reached skill level 1 in Stealth
  1582 | D:2      | Reached skill level 1 in Shields
  1582 | D:2      | Reached skill level 1 in Unarmed Combat
  1582 | D:2      | Reached skill level 1 in Evocations
  1747 | D:3      | Found a broken altar of Ashenzari.
  1776 | D:3      | Reached skill level 1 in Shapeshifting
  1776 | D:3      | Reached XP level 4. HP: 35/38 MP: 11/11
  1784 | D:3      | Identified the +1 helmet "Userinik" {Fly Int-4 Dex+4}
  1862 | D:3      | Found a sacrificial altar of Ru.
  1877 | D:3      | Became a worshipper of Ru the Awakened
  1900 | D:3      | Reached skill level 1 in Hexes
  1900 | D:3      | Reached skill level 1 in Summonings
  1900 | D:3      | Reached skill level 1 in Necromancy
  1900 | D:3      | Reached skill level 1 in Translocations
  1900 | D:3      | Reached skill level 1 in Fire Magic
  1900 | D:3      | Reached skill level 1 in Ice Magic
  1900 | D:3      | Reached skill level 1 in Air Magic
  1900 | D:3      | Reached skill level 1 in Earth Magic
  1900 | D:3      | Reached skill level 1 in Alchemy
  2166 | D:3      | Reached XP level 5. HP: 39/43 MP: 12/12
  2694 | D:4      | Found a basalt altar of Yredelemnul.
  3007 | D:4      | Reached XP level 6. HP: 32/50 MP: 14/14
  3241 | D:4      | Gained mutation: You cannot study or use magical devices.
                  | [Ru sacrifice]
  3241 | D:4      | Reached * piety under Ru
  3241 | D:4      | Reached ** piety under Ru
  3488 | D:5      | Entered Level 5 of the Dungeon
  3488 | D:5      | Found Poetre's General Store.
  3494 | D:5      | Bought a scroll of butterflies for 44 gold pieces
  3504 | D:5      | Found a radiant altar of Vehumet.
  3618 | D:5      | Reached skill level 5 in Fighting
  3618 | D:5      | Reached skill level 5 in Dodging
  3939 | D:5      | Found an iron altar of Okawaru.
  4009 | D:5      | Found a staircase to the Ecumenical Temple.
  4017 | Temple   | Entered the Ecumenical Temple
  4132 | D:5      | Reached skill level 7 in Axes
  4132 | D:5      | Reached XP level 7. HP: 56/56 MP: 15/15
  4567 | D:6      | Noticed a yak
  4567 | D:6      | Noticed a yak
  4567 | D:6      | Noticed a yak
  4569 | D:6      | Noticed a yak
  4583 | D:5      | Killed a yak
  4622 | D:6      | Found the +8 frozen axe "Frostbite" {freeze, freezing
                  | cloud, *Noise Fly rC+}
  4838 | D:6      | Reached XP level 8. HP: 30/63 MP: 16/16
  4870 | D:6      | Found a shimmering altar of Xom.
  4875 | D:6      | Noticed Eustachio
  4949 | D:6      | Killed Eustachio
  4974 | D:6      | Noticed Maggie
  5084 | D:6      | Killed Maggie
  5106 | D:6      | Found a sand-covered staircase.
  5151 | Ossuary  | Entered an ossuary
  5167 | Ossuary  | Reached XP level 9. HP: 69/69 MP: 18/18
  5488 | D:6      | Reached skill level 8 in Axes
  5593 | D:6      | Reached skill level 5 in Invocations
  6092 | D:7      | Gained mutation: You are hated by all. [Ru sacrifice]
  6092 | D:7      | Reached *** piety under Ru
  6125 | D:7      | Found a glowing golden altar of the Shining One.
  6292 | D:7      | Reached skill level 5 in Short Blades
  6292 | D:7      | Reached skill level 5 in Long Blades
  6292 | D:7      | Reached skill level 5 in Maces & Flails
  6292 | D:7      | Reached skill level 5 in Polearms
  6292 | D:7      | Reached skill level 5 in Staves
  6292 | D:7      | Reached skill level 5 in Ranged Weapons
  6292 | D:7      | Reached skill level 5 in Throwing
  6292 | D:7      | Reached skill level 5 in Armour
  6292 | D:7      | Reached skill level 5 in Stealth
  6292 | D:7      | Reached skill level 5 in Shields
  6292 | D:7      | Reached skill level 5 in Unarmed Combat
  6296 | D:7      | Reached XP level 10. HP: 77/77 MP: 20/20
  6571 | D:7      | Noticed Pikel
  6575 | D:7      | Killed Pikel
  6929 | D:8      | Learned a level 3 spell: Fugue of the Fallen
  7069 | D:8      | Noticed a two-headed ogre
  7078 | D:8      | Killed a two-headed ogre
  7079 | D:8      | Reached skill level 5 in Shapeshifting
  7093 | D:8      | Noticed an arcanist
  7100 | D:8      | Noticed a cyclops
  7102 | D:8      | Killed an arcanist
  7106 | D:8      | Killed a cyclops
  7228 | D:8      | Noticed a green ugly thing
  7237 | D:8      | Killed a green ugly thing
  7238 | D:8      | Reached skill level 9 in Axes
  7957 | D:8      | Reached skill level 5 in Hexes
  7957 | D:8      | Reached skill level 5 in Necromancy
  7957 | D:8      | Reached skill level 5 in Translocations
  7957 | D:8      | Reached skill level 5 in Fire Magic
  7957 | D:8      | Reached skill level 5 in Ice Magic
  7957 | D:8      | Reached skill level 5 in Air Magic
  7957 | D:8      | Reached skill level 5 in Earth Magic
  7957 | D:8      | Reached skill level 5 in Alchemy
  7957 | D:8      | Reached XP level 11. HP: 85/85 MP: 22/22
  7961 | D:8      | Learned a level 3 spell: Mephitic Cloud
  8008 | D:8      | Found a staircase to the Lair.
  8244 | D:9      | Paralysed by a hornet for 3 turns
  8406 | D:9      | Found Hieney's Distillery.
  8407 | D:9      | Noticed Jeremiah
  8410 | D:9      | Bought a potion of brilliance for 64 gold pieces
  8665 | Lair:1   | Entered Level 1 of the Lair of Beasts
  9325 | Lair:1   | Gained mutation: You cannot be stealthy. [Ru sacrifice]
  9831 | Lair:1   | Noticed Grum
  9844 | Lair:1   | Killed Grum
 10325 | Lair:2   | Noticed a death yak
 10389 | Lair:1   | Killed a death yak
 10592 | Lair:2   | Noticed a death yak
 10592 | Lair:2   | Noticed a death yak
 11060 | D:8      | Learned a level 3 spell: Swiftness
 11072 | D:9      | Reached XP level 12. HP: 90/94 MP: 24/24
 11215 | D:9      | Noticed Erica
 11263 | D:9      | Killed Erica
 11348 | D:9      | Killed Jeremiah
 11974 | D:10     | Entered Level 10 of the Dungeon
 11988 | D:10     | Reached skill level 10 in Axes
 12155 | D:10     | Noticed a boulder beetle
 12205 | D:10     | Killed a boulder beetle
 12396 | D:10     | Noticed an eight-headed hydra
 12415 | D:10     | Killed a three-headed hydra
 12680 | D:10     | Found a bloodstained altar of Trog.
 12754 | D:10     | Found a snail-covered altar of Cheibriados.
 12889 | D:10     | Noticed a two-headed ogre
 12899 | D:10     | Killed a two-headed ogre
 12956 | D:10     | Found a portal to a secret trove of treasure.
 13068 | D:10     | Found a glowing silver altar of Zin.
 13207 | D:11     | Noticed a two-headed ogre
 13234 | D:11     | Killed a two-headed ogre
 13682 | D:11     | Gained mutation: You cannot voluntarily change form. [Ru
                  | sacrifice]
 13682 | D:11     | Reached **** piety under Ru
 13876 | D:11     | Upgraded the game from 0.31.0-4-g52a2dc7128 to
                  | 0.31.0-7-gf635a9b802
 14157 | D:12     | Found a staircase to the Orcish Mines.
 14353 | D:12     | Reached XP level 13. HP: 62/101 MP: 26/26
 14699 | D:12     | Found Hykk's Assorted Antiques.
 14717 | D:12     | Bought a scroll labelled RERGHI TALOTUOM for 32 gold pieces
 15009 | D:13     | Noticed an entropy weaver
 15024 | D:12     | Killed an entropy weaver
 15344 | Orc:1    | Entered Level 1 of the Orcish Mines
 15626 | Orc:1    | Noticed an ettin
 15634 | Orc:1    | Killed an ettin
 15644 | Orc:1    | Noticed Urug
 15655 | Orc:1    | Killed Urug
 15793 | Orc:1    | Found Umpecram's Armour Shoppe.
 15877 | Orc:1    | Bought a +0 pair of gloves of strength for 161 gold pieces
 15877 | Orc:1    | Bought the +2 pair of boots "Atisock" {rCorr} for 379 gold
                  | pieces
 15909 | Orc:2    | Entered Level 2 of the Orcish Mines
 15909 | Orc:2    | Found a staircase to the Elven Halls.
 15939 | Orc:1    | Gained mutation: You occasionally lose the ability to read
                  | scrolls when taking damage. [Ru sacrifice]
 15939 | Orc:1    | Gained mutation: You sometimes lose the ability to read
                  | scrolls when taking damage. [Ru sacrifice]
 15939 | Orc:1    | Reached ***** piety under Ru
 16425 | Orc:2    | Reached skill level 10 in Spellcasting
 17062 | Orc:2    | Found Oxzoz's Book Shop.
 17062 | Orc:2    | Found Inavoscho's Jewellery Emporium.
 17064 | Orc:2    | Found Qys Uzuc's Armour Shoppe.
 17066 | Orc:2    | Found Sagac's Assorted Antiques.
 17080 | Orc:2    | Bought a pair of glimmering gloves for 351 gold pieces
 17080 | Orc:2    | Identified the +1 pair of gloves of the Skies Above {rN++
                  | Str-3 Int+2 Stlth+} (You bought it in a shop on level 2 of
                  | the Orcish Mines)
 17606 | Orc:2    | Found Nimo's Book Boutique.
 17669 | Orc:1    | Reached skill level 10 in Fighting
 17669 | Orc:1    | Reached skill level 11 in Axes
 17669 | Orc:1    | Reached skill level 10 in Dodging
 18124 | D:13     | Slain by a shadow

Illustrated notes

Levels and vault maps discovered:
D:1:      minmay_arrival_stair_chambers, layout_basic, minmay_misc_feat_square
D:2:      layout_basic, supply_closet_lemuel
D:3:      layout_basic, evilmike_ruin_ashenzari, lemuel_round_altar
D:4:      layout_basic, kennysheep_little_box,
          serial_library_hellmonk_long_bookcase
D:5:      layout_basic, mainiacjoe_overflow_six_doors_small,
          nicolae_overflow_crystal_walls, minmay_temple_entry_slanted,
          serial_shops, shop
D:6:      layout_cave_pools, lemuel_crystal_altar, chequers_ossuary_entry_cave,
          uniq_eustachio, uniq_maggie
D:7:      layout_loops_corners, tso_oasis_becter, fedhas_altar_3,
          minmay_fractal_squares_diagonal_5, uniq_pikel
D:8:      minmay_curly_fans, layout_basic, erik_lair_dragon, minmay_fountain_box
D:9:      layout_roguey, serial_shops, shop, minmay_nine_imps, uniq_erica,
          uniq_jeremiah
D:10:     layout_roguey, trog_wizard, mainiacjoe_overflow_concentric_impassable,
          mainiacjoe_overflow_tiny_flanked, enter_trove_6, kb_rosetta
D:11:     lemuel_slime, layout_loops_cross
D:12:     layout_cross, hiddenorc2_lemuel, serial_shops, shop
D:13:     layout_rooms, serial_shops, kennysheep_mini, guppyfry_shop_venom
Temple:   nicolae_temple_bog_church
Lair:1:   layout_roguey, infiniplex_staircase_pool, uniq_grum
Lair:2:   layout_concentric_octagons, minmay_swamp_entry_reptiles,
          serial_bayou_shore_b, grunt_megastairs_1
Orc:1:    layout_diamond_mine, serial_shops, nicolae_shop_tiny_real_fake_doors,
          uniq_urug
Orc:2:    st_orc_rangers, layout_caves, serial_shops,
          nicolae_shop_back_alley_shop

Skill      XL: |  1  2  3  4  5  6  7  8  9 10 11 12 13 |
---------------+----------------------------------------+-----
Spellcasting   | 5 6 7 8 9 10 | 10.3
Invocations    | 1 2 3 4 5 6 7 8 9 |  9.8
Short Blades   | 1 2 3 5 6 7 8 9 |  9.0
Long Blades    | 1 2 3 5 6 7 8 9 |  9.0
Maces & Flails | 1 2 3 5 6 7 8 9 |  9.0
Polearms       | 1 2 3 5 6 7 8 9 |  9.0
Staves         | 1 2 3 5 6 7 8 9 |  9.0
Ranged Weapons | 1 2 3 5 6 7 8 9 |  9.0
Throwing       | 1 2 3 5 6 7 8 9 |  9.0
Armour         | 1 2 3 5 6 7 8 9 |  9.0
Stealth        | 1 2 3 5 6 0 |  0.0
Shields        | 1 2 3 5 6 7 8 9 |  9.0
Unarmed Combat | 1 2 3 5 6 7 8 9 |  9.0
Evocations     | 1 0 |  0.0
Shapeshifting  | 1 2 3 4 5 6 0 |  0.0
Hexes          | 1 2 3 4 5 6 7 |  7.5
Summonings     | 1 2 3 0 |  0.0
Necromancy     | 1 2 3 4 5 6 7 |  7.5
Translocations | 1 2 3 4 5 6 7 |  7.5
Fire Magic     | 1 2 3 4 5 6 7 |  7.5
Ice Magic      | 1 2 3 4 5 6 7 |  7.5
Air Magic      | 1 2 3 4 5 6 7 |  7.5
Earth Magic    | 1 2 3 4 5 6 7 |  7.5
Alchemy        | 1 2 3 4 5 6 7 |  7.5
Fighting       | 5 6 7 8 9 10 | 10.1
Dodging        | 5 6 7 8 9 10 | 10.1
Axes           | 7 8 9 10 11 | 11.1
Conjurations   | 6 7 8 9 |  9.4

Action                     |  1- 3 |  4- 6 |  7- 9 | 10-12 | 13-15 || total
---------------------------+-------+-------+-------+-------+-------++-------
  Melee: Hand axe          |   138 |    76 |       |       |       ||   214
         Punch             |     1 |     3 |       |       |       ||     4
         Bite              |    12 |    25 |    23 |    31 |    14 ||   105
         War axe           |       |   126 |    44 |       |       ||   170
         Executioner's axe |       |       |   144 |   377 |   189 ||   710
         Scimitar          |       |       |       |     5 |       ||     5
  Throw: Dart              |       |       |     5 |    64 |    12 ||    81
         Boomerang         |       |       |     1 |    10 |     7 ||    18
   Cast: Kiss of Death     |     1 |       |       |     1 |       ||     2
         Blink             |       |       |       |    11 |       ||    11
         Mephitic Cloud    |       |       |       |    13 |     6 ||    19
         Fugue of the Fall |       |       |       |       |     5 ||     5
 Invoke: Sacrifice Artific |       |     1 |       |       |       ||     1
         Sacrifice Love    |       |       |     1 |       |       ||     1
         Draw Out Power    |       |       |       |     2 |     4 ||     6
         Sacrifice Stealth |       |       |       |     1 |       ||     1
         Sacrifice Forms   |       |       |       |     1 |       ||     1
         Sacrifice Words   |       |       |       |       |     1 ||     1
    Use: Scroll            |       |       |       |    14 |     1 ||    15
         Potion            |       |       |       |     3 |       ||     3
   Stab: Sleeping          |     2 |     4 |     4 |     8 |       ||    18
         Distracted        |       |       |     2 |     1 |       ||     3
         Invisible         |       |       |       |     1 |     3 ||     4
         Confused          |       |       |       |     1 |     1 ||     2
 Armour: Leather armour    |    60 |    97 |    70 |       |       ||   227
         Steam dragon scal |       |       |    13 |   204 |   198 ||   415
  Dodge: Dodged            |    78 |   103 |   183 |   286 |   275 ||   925
  Block: Buckler           |       |    18 |     9 |       |       ||    27
